[ PARTIDA AOE2 · #478055950 ]
Team RMTurcos vs Huns
[ ANÁLISIS DE REPETICIÓN · EXTRAÍDO DE LA PARTIDA GRABADA ]
Feudal
11:53
Castillos
16:33
Imperial
—
| APM promedio | 16.0 |
| APM pico | 39 |
| eAPM promedio | 11.4 |
| Aldeanos / militares | 89 / 8 |
Foco
⚔️ 14.7% · 🌾 85.3%
Militia ×7 · Battering Ram ×1
Feudal
12:48
Castillos
16:22
Imperial
—
| APM promedio | 33.7 |
| APM pico | 52 |
| eAPM promedio | 23.1 |
| Aldeanos / militares | 84 / 22 |
Foco
⚔️ 6.9% · 🌾 93.1%
Fire Lancer ×18 · Trade Cart ×14 · Monk ×4 · Unknown (1908) ×2
Feudal
—
Castillos
—
Imperial
—
| APM promedio | 11.9 |
| APM pico | 41 |
| eAPM promedio | 8.5 |
| Aldeanos / militares | 93 / 9 |
Foco
⚔️ 13.9% · 🌾 86.1%
Scorpion ×7 · Mangonel ×2
Feudal
11:54
Castillos
18:43
Imperial
—
| APM promedio | 27.9 |
| APM pico | 63 |
| eAPM promedio | 14.9 |
| Aldeanos / militares | 109 / 22 |
Foco
⚔️ 10.1% · 🌾 89.9%
Kipchak ×19 · Knight ×3
Feudal
11:24
Castillos
21:32
Imperial
—
| APM promedio | 41.5 |
| APM pico | 77 |
| eAPM promedio | 15.6 |
| Aldeanos / militares | 82 / 19 |
Foco
⚔️ 13.7% · 🌾 86.3%
Spearman ×8 · Scout Cavalry ×6 · Knight ×5
Feudal
11:25
Castillos
17:29
Imperial
—
| APM promedio | 19.6 |
| APM pico | 46 |
| eAPM promedio | 10.6 |
| Aldeanos / militares | 53 / 15 |
Foco
⚔️ 14.8% · 🌾 85.2%
Spearman ×10 · Militia ×3 · Skirmisher ×2
Feudal
13:11
Castillos
19:24
Imperial
31:03
| APM promedio | 13.8 |
| APM pico | 34 |
| eAPM promedio | 9.8 |
| Aldeanos / militares | 70 / 29 |
Foco
⚔️ 19.3% · 🌾 80.7%
Knight ×10 · Camel Scout ×7 · Camel Archer ×5 · Battering Ram ×3 · Monk ×3 · Scorpion ×1
Feudal
13:06
Castillos
17:03
Imperial
—
| APM promedio | 14.0 |
| APM pico | 34 |
| eAPM promedio | 9.8 |
| Aldeanos / militares | 80 / 30 |
Foco
⚔️ 13.5% · 🌾 86.5%
Spearman ×12 · Militia ×10 · War Elephant ×8
Mapa de la partida
Recursos al inicio + cada clic de construcción. Línea gruesa = muro · recuadro discontinuo = muro de casas detectado. 🟡 oro · ⚪ piedra · 🟢 bayas · 🔶 jabalí · ⭕ reliquia
Inputs por minuto
— ich mag Bier - - oZymandias
Build order — ich mag Bier
Primeras 150 de 152 acciones detectadas
| 0:05 | Crear | Villager (Male) ×4 |
| 0:05 | Crear | Villager (Male) ×4 |
| 0:07 | Construir | House |
| 0:35 | Investigar | Loom |
| 0:49 | Construir | House |
| 0:50 | Construir | House |
| 0:51 | Construir | House |
| 0:54 | Construir | House |
| 1:33 | Crear | Villager (Male) |
| 2:01 | Crear | Villager (Male) |
| 2:50 | Crear | Villager (Male) |
| 3:11 | Crear | Villager (Male) |
| 3:35 | Crear | Villager (Male) |
| 3:41 | Crear | Villager (Male) |
| 4:02 | Crear | Villager (Male) |
| 4:16 | Crear | Villager (Male) |
| 4:35 | Construir | Mill |
| 5:17 | Crear | Villager (Male) |
| 5:46 | Crear | Villager (Male) ×3 |
| 5:52 | Crear | Villager (Male) |
| 6:13 | Construir | Mill |
| 6:23 | Crear | Villager (Male) ×2 |
| 7:01 | Construir | Lumber Camp |
| 8:12 | Crear | Villager (Male) |
| 8:13 | Crear | Villager (Male) |
| 8:30 | Construir | Mining Camp |
| 8:48 | Construir | Mining Camp |
| 9:18 | Crear | Villager (Male) |
| 9:38 | Investigar | Feudal Age |
| 11:13 | Construir | House |
| 11:14 | Construir | House |
| 11:16 | Construir | House |
| 11:53 | Edad | Edad Feudal |
| 12:02 | Construir | Market |
| 12:10 | Construir | Blacksmith |
| 12:19 | Construir | Farm |
| 12:28 | Construir | Farm |
| 13:53 | Investigar | Castle Age |
| 13:57 | Construir | Farm |
| 14:28 | Construir | Barracks |
| 14:36 | Construir | Outpost |
| 14:43 | Crear | Villager (Male) |
| 14:43 | Crear | Villager (Male) |
| 15:05 | Construir | Farm |
| 15:08 | Construir | Farm |
| 15:16 | Construir | Farm |
| 15:19 | Construir | Farm |
| 15:25 | Construir | Farm |
| 16:09 | Investigar | Man-at-Arms (upgrade) |
| 16:10 | Crear | Militia |
| 16:11 | Crear | Militia |
| 16:11 | Crear | Militia |
| 16:11 | Crear | Militia |
| 16:31 | Construir | Outpost |
| 16:33 | Edad | Edad de los Castillos |
| 16:57 | Construir | Town Center |
| 17:14 | Investigar | Long Swordsman (upgrade) |
| 17:37 | Crear | Villager (Male) |
| 17:37 | Crear | Villager (Male) |
| 18:20 | Crear | Militia |
| 18:21 | Crear | Militia |
| 18:21 | Crear | Militia |
| 18:29 | Crear | Villager (Male) |
| 19:31 | Construir | Siege Workshop |
| 19:43 | Crear | Villager (Male) |
| 19:43 | Crear | Villager (Male) |
| 20:01 | Construir | Town Center |
| 20:06 | Crear | Villager (Male) |
| 20:06 | Crear | Villager (Male) |
| 20:08 | Crear | Villager (Male) |
| 20:30 | Investigar | Squires |
| 21:00 | Crear | Battering Ram |
| 21:23 | Construir | Farm |
| 21:23 | Construir | Farm |
| 21:24 | Construir | Farm |
| 21:25 | Construir | Farm |
| 21:32 | Crear | Villager (Male) ×3 |
| 21:38 | Construir | Farm |
| 22:10 | Construir | Farm |
| 22:14 | Construir | Farm |
| 22:20 | Crear | Villager (Male) |
| 22:20 | Crear | Villager (Male) |
| 22:20 | Crear | Villager (Male) |
| 22:53 | Construir | Farm |
| 23:00 | Construir | Castle |
| 23:11 | Investigar | Horse Collar |
| 23:13 | Investigar | Double-Bit Axe |
| 23:21 | Construir | Farm |
| 23:26 | Crear | Villager (Male) |
| 23:30 | Crear | Villager (Male) |
| 24:20 | Investigar | Wheelbarrow |
| 24:22 | Crear | Villager (Male) |
| 24:31 | Crear | Villager (Male) |
| 24:31 | Crear | Villager (Male) |
| 24:49 | Crear | Villager (Male) ×2 |
| 24:59 | Construir | Farm |
| 25:06 | Crear | Villager (Male) |
| 25:15 | Crear | Villager (Male) |
| 25:15 | Crear | Villager (Male) |
| 25:15 | Crear | Villager (Male) |
| 25:49 | Construir | Farm |
| 25:52 | Construir | Farm |
| 25:55 | Construir | Farm |
| 26:00 | Investigar | Heavy Plow |
| 26:09 | Investigar | Bow Saw |
| 26:25 | Crear | Villager (Male) |
| 26:25 | Crear | Villager (Male) |
| 26:26 | Crear | Villager (Male) |
| 26:26 | Crear | Villager (Male) |
| 26:40 | Construir | House |
| 26:40 | Construir | House |
| 26:41 | Construir | House |
| 26:41 | Construir | House |
| 26:41 | Construir | House |
| 26:41 | Construir | House |
| 26:43 | Construir | House |
| 26:44 | Construir | House |
| 26:46 | Construir | House |
| 26:52 | Construir | House |
| 27:02 | Construir | Farm |
| 27:06 | Construir | Farm |
| 27:10 | Investigar | Stone Mining |
| 27:11 | Investigar | Gold Mining |
| 27:21 | Crear | Villager (Male) ×3 |
| 27:44 | Crear | Villager (Male) ×4 |
| 27:55 | Crear | Villager (Male) |
| 27:57 | Crear | Villager (Male) |
| 28:22 | Construir | Farm |
| 28:30 | Crear | Villager (Male) ×3 |
| 28:35 | Construir | Farm |
| 28:45 | Crear | Villager (Male) ×3 |
| 28:53 | Construir | Farm |
| 29:01 | Construir | Farm |
| 29:09 | Crear | Villager (Male) ×3 |
| 29:17 | Construir | Farm |
| 29:24 | Construir | Farm |
| 29:33 | Construir | Farm |
| 29:37 | Construir | Farm |
| 29:45 | Construir | Farm |
| 29:58 | Construir | Castle |
| 30:13 | Construir | Farm |
| 30:16 | Construir | Farm |
| 30:20 | Construir | Farm |
| 30:24 | Crear | Villager (Male) ×5 |
| 30:37 | Construir | Farm |
| 30:40 | Construir | Farm |
| 30:44 | Investigar | Gold Shaft Mining |
| 30:47 | Crear | Villager (Male) ×5 |
| 30:53 | Crear | Villager (Male) |
| 30:54 | Crear | Villager (Male) |
Build order — oZymandias
Primeras 150 de 207 acciones detectadas
| 0:10 | Construir | House |
| 0:13 | Construir | House |
| 0:17 | Investigar | Loom |
| 0:17 | Crear | Villager (Male) ×4 |
| 2:02 | Crear | Villager (Male) |
| 2:02 | Crear | Villager (Male) |
| 2:31 | Crear | Villager (Male) |
| 2:31 | Crear | Villager (Male) |
| 2:49 | Crear | Villager (Male) |
| 2:49 | Crear | Villager (Male) |
| 3:14 | Crear | Villager (Male) |
| 3:33 | Construir | Lumber Camp |
| 3:42 | Crear | Villager (Male) |
| 3:58 | Crear | Villager (Male) |
| 4:32 | Crear | Villager (Male) |
| 4:32 | Crear | Villager (Male) |
| 4:32 | Crear | Villager (Male) |
| 5:06 | Crear | Villager (Male) |
| 5:06 | Crear | Villager (Male) |
| 5:16 | Construir | House |
| 5:17 | Construir | House |
| 5:46 | Crear | Villager (Male) |
| 5:52 | Construir | Mill |
| 6:03 | Crear | Villager (Male) |
| 6:04 | Crear | Villager (Male) |
| 6:16 | Crear | Villager (Male) |
| 6:16 | Crear | Villager (Male) |
| 7:47 | Crear | Villager (Male) |
| 7:48 | Crear | Villager (Male) |
| 8:13 | Construir | House |
| 8:14 | Construir | House |
| 8:31 | Crear | Villager (Male) |
| 9:05 | Crear | Villager (Male) |
| 9:12 | Construir | Mining Camp |
| 9:16 | Crear | Villager (Male) |
| 9:48 | Crear | Villager (Male) |
| 10:16 | Investigar | Feudal Age |
| 10:17 | Investigar | Feudal Age |
| 12:20 | Construir | Lumber Camp |
| 12:43 | Crear | Villager (Male) |
| 12:43 | Crear | Villager (Male) |
| 12:48 | Edad | Edad Feudal |
| 12:55 | Construir | Market |
| 13:05 | Construir | Blacksmith |
| 13:35 | Investigar | Double-Bit Axe |
| 13:42 | Investigar | Castle Age |
| 13:42 | Investigar | Castle Age |
| 14:11 | Construir | Barracks |
| 14:21 | Investigar | Horse Collar |
| 14:21 | Investigar | Horse Collar |
| 15:11 | Crear | Trade Cart |
| 15:39 | Construir | House |
| 15:40 | Construir | House |
| 16:01 | Construir | Farm |
| 16:02 | Construir | Farm |
| 16:03 | Construir | Farm |
| 16:22 | Edad | Edad de los Castillos |
| 16:24 | Crear | Fire Lancer |
| 16:25 | Crear | Fire Lancer |
| 16:30 | Construir | Mining Camp |
| 16:33 | Crear | Villager (Male) |
| 16:33 | Crear | Villager (Male) |
| 16:50 | Crear | Fire Lancer |
| 16:53 | Investigar | Town Watch |
| 16:54 | Crear | Villager (Male) |
| 17:04 | Construir | Farm |
| 17:18 | Construir | Monastery |
| 17:36 | Construir | Lumber Camp |
| 17:37 | Crear | Villager (Male) |
| 17:47 | Crear | Fire Lancer |
| 18:03 | Crear | Fire Lancer |
| 18:05 | Crear | Monk |
| 18:11 | Construir | Farm |
| 18:12 | Crear | Villager (Male) |
| 18:23 | Crear | Trade Cart |
| 18:33 | Crear | Villager (Male) |
| 18:52 | Crear | Villager (Male) |
| 18:54 | Crear | Trade Cart |
| 19:00 | Construir | House |
| 19:01 | Construir | House |
| 19:24 | Construir | Farm |
| 19:28 | Crear | Monk |
| 19:47 | Construir | Farm |
| 19:49 | Crear | Villager (Male) |
| 19:55 | Construir | House |
| 20:06 | Crear | Fire Lancer |
| 20:12 | Crear | Trade Cart |
| 20:21 | Crear | Trade Cart |
| 20:24 | Crear | Fire Lancer |
| 20:44 | Crear | Monk |
| 20:47 | Crear | Fire Lancer |
| 20:50 | Investigar | Scale Mail Armor |
| 20:52 | Crear | Villager (Male) |
| 20:59 | Crear | Trade Cart |
| 21:13 | Crear | Villager (Male) |
| 21:18 | Construir | Town Center |
| 21:22 | Crear | Fire Lancer |
| 21:36 | Crear | Villager (Male) |
| 21:38 | Crear | Villager (Male) |
| 21:47 | Construir | Farm |
| 21:53 | Investigar | Squires |
| 22:14 | Construir | Farm |
| 22:17 | Crear | Villager (Male) |
| 22:23 | Investigar | Stone Mining |
| 22:30 | Crear | Fire Lancer |
| 23:02 | Crear | Villager (Male) |
| 23:02 | Crear | Villager (Male) |
| 23:09 | Construir | House |
| 23:10 | Construir | House |
| 23:11 | Construir | House |
| 23:13 | Construir | House |
| 23:21 | Crear | Fire Lancer |
| 23:22 | Investigar | Arson |
| 23:32 | Crear | Trade Cart |
| 23:33 | Crear | Trade Cart |
| 23:44 | Crear | Monk |
| 24:02 | Crear | Villager (Male) |
| 24:08 | Crear | Villager (Male) |
| 24:23 | Crear | Trade Cart |
| 24:25 | Crear | Villager (Male) |
| 24:26 | Crear | Villager (Male) |
| 24:30 | Construir | Farm |
| 24:31 | Construir | Farm |
| 24:33 | Construir | Farm |
| 24:34 | Construir | Farm |
| 24:40 | Construir | Farm |
| 24:41 | Construir | Farm |
| 24:44 | Crear | Villager (Male) |
| 24:50 | Construir | Farm |
| 24:51 | Construir | Farm |
| 24:52 | Construir | Farm |
| 24:56 | Crear | Fire Lancer |
| 24:56 | Crear | Fire Lancer |
| 25:01 | Crear | Villager (Male) |
| 25:07 | Construir | Farm |
| 25:07 | Construir | Farm |
| 25:19 | Crear | Villager (Male) |
| 25:20 | Crear | Villager (Male) |
| 25:37 | Construir | House |
| 25:38 | Construir | House |
| 25:49 | Crear | Villager (Male) |
| 25:51 | Crear | Trade Cart |
| 25:57 | Crear | Villager (Male) |
| 26:11 | Construir | Town Center |
| 26:14 | Crear | Villager (Male) |
| 26:33 | Crear | Fire Lancer |
| 26:33 | Crear | Fire Lancer |
| 26:46 | Crear | Villager (Male) |
| 26:47 | Investigar | Wheelbarrow |
| 26:48 | Crear | Villager (Male) |
Build order — b3staRun4cover1
150 acciones detectadas en el replay
| 0:09 | Construir | House |
| 0:11 | Crear | Villager (Male) |
| 0:12 | Crear | Villager (Male) ×3 |
| 0:12 | Crear | Villager (Male) |
| 0:37 | Construir | House |
| 1:10 | Construir | House |
| 1:14 | Construir | House |
| 1:30 | Crear | Villager (Male) |
| 2:23 | Construir | Lumber Camp |
| 2:26 | Crear | Villager (Male) |
| 2:44 | Crear | Villager (Male) |
| 3:27 | Crear | Villager (Male) |
| 3:28 | Crear | Villager (Male) |
| 4:03 | Crear | Villager (Male) |
| 4:03 | Crear | Villager (Male) |
| 4:40 | Crear | Villager (Male) |
| 5:02 | Construir | Mill |
| 5:08 | Crear | Villager (Male) |
| 5:33 | Crear | Villager (Male) |
| 6:26 | Crear | Villager (Male) |
| 6:26 | Crear | Villager (Male) |
| 6:27 | Crear | Villager (Male) |
| 7:09 | Crear | Villager (Male) |
| 8:43 | Investigar | Feudal Age |
| 8:51 | Crear | Villager (Male) |
| 8:52 | Crear | Villager (Male) |
| 8:52 | Crear | Villager (Male) |
| 8:53 | Crear | Villager (Male) |
| 9:59 | Investigar | Feudal Age |
| 10:22 | Crear | Villager (Male) |
| 11:16 | Construir | House |
| 11:58 | Construir | Mining Camp |
| 12:42 | Investigar | Horse Collar |
| 13:04 | Crear | Villager (Male) |
| 13:05 | Crear | Villager (Male) |
| 13:05 | Crear | Villager (Male) |
| 13:05 | Crear | Villager (Male) |
| 13:15 | Construir | Farm |
| 13:16 | Construir | Farm |
| 13:16 | Construir | Farm |
| 13:16 | Construir | Farm |
| 13:17 | Construir | Farm |
| 13:17 | Construir | Farm |
| 13:17 | Construir | Farm |
| 13:18 | Construir | Farm |
| 13:18 | Construir | Farm |
| 13:18 | Construir | Farm |
| 13:18 | Construir | Farm |
| 13:19 | Construir | Farm |
| 13:43 | Construir | Farm |
| 13:44 | Construir | Farm |
| 13:44 | Construir | Farm |
| 13:45 | Construir | Farm |
| 13:45 | Construir | Farm |
| 13:45 | Construir | Farm |
| 13:46 | Construir | Farm |
| 13:46 | Construir | Farm |
| 13:47 | Construir | Farm |
| 14:45 | Construir | House |
| 14:51 | Investigar | Loom |
| 14:54 | Crear | Villager (Male) |
| 14:54 | Crear | Villager (Male) |
| 15:12 | Crear | Villager (Male) |
| 15:58 | Crear | Villager (Male) |
| 15:59 | Crear | Villager (Male) |
| 16:27 | Investigar | Castle Age |
| 17:23 | Crear | Villager (Male) |
| 17:23 | Crear | Villager (Male) |
| 18:12 | Construir | House |
| 18:14 | Construir | House |
| 18:16 | Construir | House |
| 18:19 | Construir | House |
| 19:28 | Construir | Town Center |
| 19:36 | Construir | Town Center |
| 20:25 | Crear | Villager (Male) |
| 20:26 | Crear | Villager (Male) |
| 20:26 | Crear | Villager (Male) |
| 20:26 | Crear | Villager (Male) |
| 20:27 | Crear | Villager (Male) |
| 20:27 | Crear | Villager (Male) |
| 20:44 | Construir | House |
| 20:57 | Investigar | Wheelbarrow |
| 20:58 | Crear | Villager (Male) |
| 20:59 | Crear | Villager (Male) |
| 20:59 | Crear | Villager (Male) |
| 20:59 | Crear | Villager (Male) |
| 21:23 | Construir | Mining Camp |
| 21:27 | Crear | Villager (Male) ×5 |
| 21:27 | Crear | Villager (Male) ×5 |
| 21:28 | Crear | Villager (Male) ×5 |
| 21:34 | Investigar | Gold Mining |
| 21:39 | Investigar | Double-Bit Axe |
| 21:43 | Investigar | Heavy Plow |
| 22:11 | Investigar | Stone Mining |
| 22:13 | Investigar | Gold Shaft Mining |
| 22:36 | Crear | Villager (Male) |
| 22:36 | Crear | Villager (Male) |
| 22:36 | Crear | Villager (Male) |
| 23:34 | Construir | Town Center |
| 23:40 | Crear | Villager (Male) ×5 |
| 23:40 | Crear | Villager (Male) ×5 |
| 24:37 | Construir | Siege Workshop |
| 24:56 | Investigar | Stone Shaft Mining |
| 24:59 | Investigar | Bow Saw |
| 25:29 | Construir | Stone Wall |
| 25:37 | Construir | House |
| 25:37 | Construir | House |
| 25:37 | Construir | House |
| 25:38 | Construir | House |
| 25:38 | Construir | House |
| 25:39 | Construir | House |
| 25:39 | Construir | House |
| 25:39 | Construir | House |
| 26:23 | Investigar | Imperial Age |
| 26:35 | Crear | Villager (Male) |
| 26:36 | Crear | Villager (Male) |
| 26:36 | Crear | Villager (Male) ×5 |
| 26:46 | Crear | Mangonel |
| 27:30 | Crear | Villager (Male) |
| 27:31 | Crear | Villager (Male) |
| 27:31 | Crear | Villager (Male) |
| 27:43 | Construir | Farm |
| 27:43 | Construir | Farm |
| 27:43 | Construir | Farm |
| 27:44 | Construir | Farm |
| 27:44 | Construir | Farm |
| 27:44 | Construir | Farm |
| 27:44 | Construir | Farm |
| 27:45 | Construir | Farm |
| 27:45 | Construir | Farm |
| 27:45 | Construir | Farm |
| 27:46 | Construir | Farm |
| 28:11 | Crear | Mangonel |
| 28:35 | Construir | Barracks |
| 28:36 | Construir | Barracks |
| 28:38 | Construir | Barracks |
| 28:54 | Construir | Blacksmith |
| 29:18 | Investigar | Pikeman (upgrade) |
| 29:33 | Investigar | Forging |
| 29:34 | Investigar | Scale Mail Armor |
| 29:49 | Construir | Siege Workshop |
| 29:55 | Construir | Siege Workshop |
| 30:01 | Investigar | Hand Cart |
| 30:02 | Crear | Villager (Male) ×5 |
| 30:03 | Crear | Villager (Male) ×5 |
| 30:48 | Construir | Castle |
| 30:53 | Crear | Scorpion ×5 |
| 30:57 | Investigar | Heavy Scorpion (upgrade) |
| 30:59 | Crear | Scorpion |
| 30:59 | Crear | Scorpion |
Build order — cArLoS
Primeras 150 de 162 acciones detectadas
| 0:02 | Crear | Villager (Male) |
| 0:02 | Crear | Villager (Male) |
| 0:02 | Crear | Villager (Male) |
| 0:02 | Crear | Villager (Male) |
| 0:04 | Construir | House |
| 0:06 | Construir | House |
| 1:17 | Crear | Villager (Male) |
| 1:17 | Crear | Villager (Male) |
| 1:47 | Construir | Lumber Camp |
| 1:56 | Crear | Villager (Male) |
| 1:56 | Crear | Villager (Male) |
| 2:27 | Crear | Villager (Male) |
| 2:28 | Crear | Villager (Male) |
| 2:44 | Crear | Villager (Male) |
| 2:44 | Crear | Villager (Male) |
| 3:10 | Crear | Villager (Male) |
| 3:10 | Crear | Villager (Male) |
| 3:51 | Crear | Villager (Male) |
| 3:51 | Crear | Villager (Male) |
| 3:54 | Construir | House |
| 3:59 | Construir | Mill |
| 4:15 | Crear | Villager (Male) |
| 4:15 | Crear | Villager (Male) |
| 4:34 | Crear | Villager (Male) |
| 4:35 | Crear | Villager (Male) |
| 5:07 | Crear | Villager (Male) |
| 5:07 | Crear | Villager (Male) |
| 5:08 | Crear | Villager (Male) |
| 5:42 | Crear | Villager (Male) |
| 5:48 | Construir | House |
| 5:51 | Crear | Villager (Male) |
| 6:09 | Crear | Villager (Male) |
| 6:09 | Crear | Villager (Male) |
| 6:25 | Crear | Villager (Male) |
| 6:25 | Crear | Villager (Male) |
| 6:30 | Construir | Lumber Camp |
| 7:05 | Crear | Villager (Male) |
| 7:05 | Crear | Villager (Male) |
| 7:05 | Crear | Villager (Male) |
| 7:35 | Crear | Villager (Male) |
| 8:07 | Construir | Mill |
| 8:27 | Construir | House |
| 8:35 | Crear | Villager (Male) |
| 9:12 | Construir | Mining Camp |
| 9:22 | Investigar | Feudal Age |
| 9:54 | Construir | House |
| 10:02 | Construir | Lumber Camp |
| 10:39 | Crear | Villager (Male) |
| 10:39 | Crear | Villager (Male) |
| 11:50 | Construir | House |
| 11:54 | Edad | Edad Feudal |
| 12:00 | Construir | Blacksmith |
| 12:14 | Construir | Town Center |
| 12:28 | Construir | Market |
| 12:45 | Crear | Villager (Male) |
| 12:54 | Construir | Farm |
| 12:55 | Construir | Farm |
| 13:09 | Construir | House |
| 13:11 | Construir | House |
| 13:12 | Crear | Villager (Male) |
| 13:13 | Crear | Villager (Male) |
| 13:22 | Construir | Farm |
| 13:23 | Construir | Farm |
| 13:24 | Construir | Farm |
| 13:28 | Construir | Farm |
| 13:36 | Construir | Farm |
| 14:04 | Crear | Villager (Male) |
| 14:14 | Construir | Farm |
| 14:14 | Construir | Farm |
| 14:17 | Crear | Villager (Male) |
| 14:39 | Construir | House |
| 14:46 | Crear | Villager (Male) |
| 14:47 | Crear | Villager (Male) |
| 14:55 | Construir | Farm |
| 16:03 | Investigar | Castle Age |
| 16:03 | Investigar | Castle Age |
| 16:06 | Investigar | Double-Bit Axe |
| 16:19 | Construir | Farm |
| 16:19 | Construir | Farm |
| 16:30 | Construir | Mining Camp |
| 16:33 | Crear | Villager (Male) |
| 16:33 | Crear | Villager (Male) |
| 16:54 | Construir | Farm |
| 16:55 | Construir | Farm |
| 17:21 | Investigar | Stone Mining |
| 17:30 | Crear | Villager (Male) |
| 17:32 | Crear | Villager (Male) |
| 17:57 | Construir | Barracks |
| 18:04 | Crear | Villager (Male) |
| 18:10 | Investigar | Horse Collar |
| 18:15 | Investigar | Gold Mining |
| 18:43 | Edad | Edad de los Castillos |
| 18:45 | Crear | Villager (Male) ×5 |
| 19:23 | Construir | Stable |
| 19:30 | Crear | Villager (Male) |
| 20:18 | Construir | Castle |
| 20:42 | Crear | Villager (Male) ×5 |
| 21:01 | Construir | Town Center |
| 21:16 | Investigar | Wheelbarrow |
| 21:24 | Crear | Villager (Male) |
| 21:31 | Crear | Knight |
| 21:32 | Crear | Knight |
| 21:45 | Investigar | Fletching |
| 22:19 | Crear | Villager (Male) ×5 |
| 22:30 | Construir | Lumber Camp |
| 22:43 | Crear | Villager (Male) ×4 |
| 23:09 | Construir | Mining Camp |
| 23:25 | Crear | Knight |
| 23:56 | Construir | Castle |
| 24:01 | Crear | Villager (Male) ×5 |
| 24:05 | Construir | House |
| 24:05 | Construir | House |
| 24:05 | Construir | House |
| 24:06 | Construir | House |
| 24:06 | Construir | House |
| 24:06 | Construir | House |
| 24:07 | Construir | House |
| 24:07 | Construir | House |
| 24:07 | Construir | House |
| 24:08 | Construir | House |
| 24:21 | Construir | Farm |
| 24:27 | Construir | Farm |
| 24:52 | Investigar | Scale Barding Armor |
| 25:37 | Crear | Kipchak ×5 |
| 25:48 | Construir | Farm |
| 25:48 | Construir | Farm |
| 25:49 | Construir | Farm |
| 25:49 | Construir | Farm |
| 25:50 | Construir | Farm |
| 25:55 | Crear | Villager (Male) ×5 |
| 26:01 | Investigar | Bow Saw |
| 26:30 | Crear | Kipchak ×2 |
| 27:25 | Crear | Villager (Male) ×2 |
| 27:39 | Construir | Castle |
| 27:57 | Crear | Villager (Male) ×3 |
| 28:40 | Crear | Villager (Male) ×5 |
| 28:41 | Crear | Villager (Male) ×5 |
| 28:46 | Construir | Mill |
| 28:47 | Construir | Mill |
| 28:48 | Construir | Farm |
| 28:48 | Construir | Farm |
| 28:48 | Construir | Farm |
| 28:49 | Construir | Farm |
| 28:49 | Construir | Farm |
| 28:49 | Construir | Farm |
| 28:49 | Construir | Farm |
| 28:50 | Construir | Farm |
| 28:50 | Construir | Farm |
| 28:50 | Construir | Farm |
| 28:51 | Construir | Farm |
Build order — whats up
Primeras 150 de 175 acciones detectadas
| 0:01 | Crear | Villager (Male) |
| 0:01 | Crear | Villager (Male) |
| 0:01 | Crear | Villager (Male) |
| 0:02 | Crear | Villager (Male) |
| 0:02 | Crear | Villager (Male) |
| 1:13 | Crear | Villager (Male) |
| 1:54 | Crear | Villager (Male) |
| 2:21 | Crear | Villager (Male) |
| 2:26 | Investigar | Loom |
| 2:47 | Construir | Mill |
| 2:58 | Crear | Villager (Male) |
| 2:59 | Crear | Villager (Male) |
| 3:55 | Crear | Villager (Male) |
| 4:07 | Crear | Villager (Male) |
| 4:29 | Crear | Villager (Male) |
| 4:30 | Crear | Villager (Male) |
| 4:55 | Crear | Villager (Male) |
| 5:07 | Crear | Villager (Male) |
| 5:19 | Crear | Villager (Male) |
| 5:21 | Crear | Villager (Male) |
| 6:07 | Crear | Villager (Male) |
| 6:08 | Crear | Villager (Male) |
| 6:48 | Construir | Lumber Camp |
| 6:52 | Crear | Villager (Male) |
| 7:50 | Crear | Villager (Male) |
| 8:04 | Construir | Mill |
| 8:39 | Construir | Lumber Camp |
| 9:14 | Investigar | Feudal Age |
| 9:23 | Construir | Mining Camp |
| 10:12 | Crear | Villager (Male) |
| 10:12 | Crear | Villager (Male) |
| 10:13 | Crear | Villager (Male) |
| 10:50 | Construir | Barracks |
| 11:24 | Edad | Edad Feudal |
| 11:42 | Construir | Mill |
| 11:45 | Investigar | Double-Bit Axe |
| 11:49 | Construir | Stable |
| 12:10 | Construir | Mining Camp |
| 12:13 | Crear | Villager (Male) |
| 12:48 | Crear | Spearman |
| 12:49 | Crear | Spearman |
| 13:05 | Construir | Stone Wall |
| 13:16 | Crear | Villager (Male) |
| 13:16 | Crear | Villager (Male) |
| 13:47 | Construir | Stone Wall |
| 13:59 | Construir | Stone Wall |
| 14:04 | Construir | Farm |
| 14:05 | Crear | Villager (Male) |
| 14:08 | Construir | Farm |
| 14:10 | Crear | Villager (Male) |
| 14:17 | Construir | Stone Wall |
| 14:34 | Construir | Farm |
| 14:36 | Crear | Villager (Male) |
| 15:12 | Construir | Farm |
| 15:13 | Crear | Villager (Male) |
| 15:14 | Crear | Villager (Male) |
| 15:31 | Construir | Farm |
| 15:33 | Crear | Villager (Male) |
| 15:52 | Construir | Farm |
| 15:59 | Construir | Farm |
| 16:01 | Construir | Farm |
| 16:05 | Construir | Farm |
| 16:13 | Construir | Farm |
| 16:15 | Crear | Villager (Male) |
| 16:34 | Construir | Farm |
| 16:58 | Construir | Farm |
| 17:10 | Construir | Archery Range |
| 17:12 | Crear | Villager (Male) |
| 17:58 | Construir | Watch Tower |
| 18:49 | Crear | Scout Cavalry |
| 18:50 | Crear | Scout Cavalry |
| 18:50 | Crear | Scout Cavalry |
| 18:50 | Crear | Scout Cavalry |
| 18:52 | Investigar | Castle Age |
| 18:56 | Construir | Stable |
| 19:41 | Crear | Scout Cavalry |
| 19:41 | Crear | Scout Cavalry |
| 20:22 | Construir | Stone Wall |
| 20:27 | Construir | Farm |
| 20:34 | Construir | Stone Wall |
| 21:32 | Edad | Edad de los Castillos |
| 21:35 | Crear | Spearman |
| 21:35 | Crear | Spearman |
| 21:38 | Crear | Knight |
| 21:38 | Crear | Knight |
| 21:56 | Crear | Spearman |
| 21:57 | Crear | Spearman |
| 21:59 | Crear | Knight |
| 21:59 | Crear | Knight |
| 21:59 | Crear | Knight |
| 22:10 | Crear | Spearman |
| 22:10 | Crear | Spearman |
| 22:38 | Construir | Town Center |
| 23:13 | Crear | Villager (Male) |
| 23:13 | Crear | Villager (Male) |
| 23:14 | Crear | Villager (Male) |
| 23:33 | Construir | Town Center |
| 23:36 | Crear | Villager (Male) |
| 23:49 | Construir | Stone Wall |
| 24:07 | Investigar | Horse Collar |
| 24:30 | Crear | Villager (Male) |
| 24:33 | Construir | Farm |
| 24:42 | Construir | Farm |
| 24:43 | Crear | Villager (Male) |
| 24:48 | Construir | Farm |
| 24:57 | Crear | Villager (Male) |
| 25:03 | Construir | Farm |
| 25:07 | Construir | Town Center |
| 25:25 | Crear | Villager (Male) |
| 25:27 | Construir | Farm |
| 25:28 | Crear | Villager (Male) |
| 25:32 | Construir | Farm |
| 25:49 | Crear | Villager (Male) |
| 25:51 | Crear | Villager (Male) |
| 25:53 | Construir | Farm |
| 26:03 | Crear | Villager (Male) |
| 26:17 | Construir | Farm |
| 26:20 | Crear | Villager (Male) |
| 26:24 | Crear | Villager (Male) |
| 26:31 | Construir | Farm |
| 26:37 | Crear | Villager (Male) |
| 27:03 | Construir | Farm |
| 27:05 | Crear | Villager (Male) |
| 27:06 | Crear | Villager (Male) |
| 27:08 | Construir | Farm |
| 27:11 | Construir | Farm |
| 27:14 | Crear | Villager (Male) |
| 27:19 | Crear | Villager (Male) |
| 27:31 | Construir | Building 487 |
| 27:37 | Construir | Stone Wall |
| 27:44 | Construir | Farm |
| 27:45 | Crear | Villager (Male) |
| 27:47 | Construir | Farm |
| 27:49 | Crear | Villager (Male) |
| 27:49 | Crear | Villager (Male) |
| 27:51 | Crear | Villager (Male) |
| 27:51 | Crear | Villager (Male) |
| 27:53 | Construir | Lumber Camp |
| 27:55 | Crear | Villager (Male) |
| 28:05 | Crear | Villager (Male) |
| 28:08 | Construir | Farm |
| 28:28 | Construir | Farm |
| 28:32 | Crear | Villager (Male) |
| 28:33 | Crear | Villager (Male) |
| 28:36 | Crear | Villager (Male) |
| 28:38 | Construir | Farm |
| 28:38 | Construir | Farm |
| 28:40 | Crear | Villager (Male) |
| 28:52 | Construir | Farm |
| 28:54 | Construir | Farm |
Build order — Flox
118 acciones detectadas en el replay
| 0:12 | Construir | House |
| 0:15 | Construir | House |
| 0:28 | Construir | House |
| 0:56 | Crear | Villager (Male) |
| 0:56 | Crear | Villager (Male) |
| 0:56 | Crear | Villager (Male) |
| 0:57 | Crear | Villager (Male) |
| 2:37 | Crear | Villager (Male) |
| 2:37 | Crear | Villager (Male) |
| 2:37 | Crear | Villager (Male) |
| 3:37 | Crear | Villager (Male) |
| 3:38 | Crear | Villager (Male) |
| 3:38 | Crear | Villager (Male) |
| 3:46 | Crear | Villager (Male) |
| 3:46 | Crear | Villager (Male) |
| 4:13 | Crear | Villager (Male) |
| 4:13 | Crear | Villager (Male) |
| 4:29 | Crear | Villager (Male) |
| 4:29 | Crear | Villager (Male) |
| 4:42 | Construir | House |
| 4:46 | Construir | House |
| 5:04 | Construir | Mill |
| 7:04 | Crear | Villager (Male) |
| 7:05 | Crear | Villager (Male) |
| 7:05 | Crear | Villager (Male) |
| 7:05 | Crear | Villager (Male) |
| 7:05 | Crear | Villager (Male) |
| 8:54 | Construir | Lumber Camp |
| 9:15 | Investigar | Feudal Age |
| 9:46 | Construir | Farm |
| 9:48 | Construir | Farm |
| 10:24 | Crear | Villager (Male) |
| 10:24 | Crear | Villager (Male) |
| 10:24 | Crear | Villager (Male) |
| 10:24 | Crear | Villager (Male) |
| 10:25 | Crear | Villager (Male) |
| 10:29 | Construir | Farm |
| 11:10 | Crear | Villager (Male) |
| 11:11 | Crear | Villager (Male) |
| 11:23 | Construir | House |
| 11:25 | Edad | Edad Feudal |
| 11:46 | Crear | Villager (Male) |
| 11:47 | Crear | Villager (Male) |
| 11:48 | Crear | Villager (Male) |
| 12:04 | Construir | Blacksmith |
| 12:12 | Construir | Market |
| 12:41 | Construir | Farm |
| 14:14 | Construir | Mill |
| 14:49 | Investigar | Castle Age |
| 15:12 | Construir | House |
| 15:13 | Construir | House |
| 15:14 | Construir | House |
| 16:09 | Construir | Farm |
| 16:10 | Construir | Farm |
| 16:11 | Construir | Farm |
| 16:12 | Construir | Farm |
| 16:14 | Construir | Farm |
| 16:23 | Investigar | Double-Bit Axe |
| 16:40 | Construir | Mining Camp |
| 17:06 | Construir | Mining Camp |
| 17:27 | Construir | Mining Camp |
| 17:29 | Edad | Edad de los Castillos |
| 17:53 | Crear | Villager (Male) |
| 17:53 | Crear | Villager (Male) |
| 17:53 | Crear | Villager (Male) |
| 17:53 | Crear | Villager (Male) |
| 17:53 | Crear | Villager (Male) |
| 17:54 | Crear | Villager (Male) |
| 18:37 | Crear | Villager (Male) |
| 18:37 | Crear | Villager (Male) |
| 18:54 | Investigar | Stone Mining |
| 19:17 | Construir | Watch Tower |
| 20:21 | Construir | House |
| 20:25 | Construir | House |
| 20:26 | Construir | House |
| 22:03 | Construir | Castle |
| 23:02 | Crear | Villager (Male) |
| 23:02 | Crear | Villager (Male) |
| 23:02 | Crear | Villager (Male) |
| 23:02 | Crear | Villager (Male) |
| 23:03 | Crear | Villager (Male) |
| 23:03 | Crear | Villager (Male) |
| 23:03 | Crear | Villager (Male) |
| 23:16 | Construir | Barracks |
| 23:50 | Construir | Town Center |
| 24:06 | Construir | Stable |
| 24:18 | Construir | Archery Range |
| 24:22 | Investigar | Pikeman (upgrade) |
| 24:23 | Crear | Militia |
| 24:23 | Crear | Militia |
| 24:23 | Crear | Militia |
| 24:44 | Crear | Skirmisher |
| 24:44 | Crear | Skirmisher |
| 24:55 | Crear | Spearman |
| 24:56 | Crear | Spearman |
| 24:56 | Crear | Spearman |
| 25:39 | Construir | House |
| 25:44 | Construir | House |
| 25:45 | Construir | House |
| 26:16 | Crear | Villager (Male) |
| 26:17 | Investigar | Wheelbarrow |
| 26:18 | Crear | Villager (Male) |
| 26:18 | Crear | Villager (Male) |
| 26:18 | Crear | Villager (Male) |
| 26:19 | Crear | Villager (Male) |
| 26:19 | Crear | Villager (Male) |
| 26:19 | Crear | Villager (Male) |
| 26:31 | Construir | Farm |
| 28:41 | Construir | Farm |
| 28:43 | Construir | Farm |
| 29:16 | Crear | Spearman |
| 29:16 | Crear | Spearman |
| 29:17 | Crear | Spearman |
| 29:17 | Crear | Spearman |
| 29:17 | Crear | Spearman |
| 29:17 | Crear | Spearman |
| 29:18 | Crear | Spearman |
| 30:18 | Construir | House |
Build order — Tsubodai
Primeras 150 de 161 acciones detectadas
| 0:04 | Crear | Villager (Male) |
| 0:05 | Crear | Villager (Male) |
| 0:05 | Crear | Villager (Male) |
| 0:05 | Crear | Villager (Male) |
| 0:05 | Crear | Villager (Male) |
| 0:12 | Construir | House |
| 0:13 | Construir | House |
| 0:14 | Construir | House |
| 1:23 | Construir | House |
| 1:46 | Crear | Villager (Male) |
| 2:16 | Investigar | Loom |
| 2:25 | Crear | Villager (Male) |
| 2:33 | Crear | Villager (Male) |
| 2:33 | Crear | Villager (Male) |
| 2:56 | Crear | Villager (Male) |
| 3:20 | Crear | Villager (Male) |
| 3:36 | Crear | Villager (Male) |
| 4:30 | Crear | Villager (Male) |
| 4:30 | Crear | Villager (Male) |
| 4:36 | Construir | Lumber Camp |
| 4:38 | Crear | Villager (Male) |
| 5:13 | Crear | Villager (Male) |
| 5:58 | Crear | Villager (Male) |
| 5:58 | Crear | Villager (Male) |
| 5:59 | Crear | Villager (Male) |
| 6:00 | Crear | Villager (Male) |
| 6:00 | Crear | Villager (Male) |
| 6:01 | Crear | Villager (Male) |
| 6:01 | Crear | Villager (Male) |
| 6:59 | Crear | Villager (Male) |
| 7:00 | Crear | Villager (Male) |
| 7:29 | Construir | Mill |
| 7:55 | Construir | House |
| 7:56 | Construir | House |
| 8:38 | Crear | Villager (Male) |
| 8:46 | Construir | Mill |
| 9:29 | Crear | Villager (Male) |
| 9:30 | Crear | Villager (Male) |
| 10:45 | Construir | Mining Camp |
| 10:53 | Investigar | Feudal Age |
| 12:04 | Construir | Farm |
| 12:04 | Construir | Farm |
| 12:04 | Construir | Farm |
| 12:05 | Construir | Farm |
| 12:05 | Construir | Farm |
| 12:24 | Crear | Villager (Male) |
| 12:25 | Crear | Villager (Male) |
| 12:25 | Crear | Villager (Male) |
| 12:25 | Crear | Villager (Male) |
| 12:26 | Crear | Villager (Male) |
| 12:28 | Crear | Villager (Male) |
| 12:36 | Construir | Farm |
| 12:37 | Construir | Farm |
| 12:38 | Construir | Farm |
| 13:11 | Edad | Edad Feudal |
| 13:24 | Investigar | Horse Collar |
| 13:26 | Investigar | Double-Bit Axe |
| 13:49 | Construir | House |
| 13:51 | Construir | House |
| 14:02 | Construir | Farm |
| 14:02 | Construir | Farm |
| 14:03 | Construir | Farm |
| 14:03 | Construir | Farm |
| 14:37 | Construir | Blacksmith |
| 14:58 | Construir | Market |
| 15:51 | Construir | Mining Camp |
| 15:54 | Crear | Villager (Male) |
| 15:55 | Crear | Villager (Male) |
| 16:26 | Investigar | Castle Age |
| 16:45 | Construir | Barracks |
| 16:58 | Investigar | Forging |
| 16:59 | Investigar | Scale Barding Armor |
| 18:08 | Construir | House |
| 18:11 | Construir | House |
| 19:11 | Construir | Stable |
| 19:16 | Construir | Stable |
| 19:23 | Crear | Villager (Male) |
| 19:23 | Crear | Villager (Male) |
| 19:24 | Edad | Edad de los Castillos |
| 19:35 | Construir | Farm |
| 19:36 | Construir | Farm |
| 19:36 | Construir | Farm |
| 20:03 | Crear | Knight |
| 20:03 | Crear | Knight |
| 20:22 | Construir | Siege Workshop |
| 20:24 | Crear | Villager (Male) |
| 20:24 | Crear | Villager (Male) |
| 20:24 | Crear | Villager (Male) |
| 20:25 | Crear | Villager (Male) |
| 20:25 | Crear | Villager (Male) |
| 20:25 | Crear | Villager (Male) |
| 20:25 | Crear | Villager (Male) |
| 20:26 | Crear | Villager (Male) |
| 20:35 | Crear | Knight |
| 20:35 | Crear | Knight |
| 20:35 | Crear | Knight |
| 20:36 | Crear | Knight |
| 20:50 | Crear | Camel Scout |
| 20:51 | Crear | Camel Scout |
| 20:56 | Crear | Camel Scout |
| 20:56 | Crear | Camel Scout |
| 20:57 | Crear | Camel Scout |
| 21:15 | Construir | Mining Camp |
| 21:27 | Crear | Battering Ram |
| 21:27 | Crear | Battering Ram |
| 21:59 | Crear | Villager (Male) |
| 22:05 | Construir | Town Center |
| 22:07 | Crear | Villager (Male) |
| 22:08 | Crear | Villager (Male) |
| 22:37 | Construir | House |
| 22:37 | Construir | House |
| 22:39 | Construir | House |
| 22:44 | Crear | Villager (Male) |
| 22:44 | Crear | Villager (Male) |
| 22:45 | Crear | Villager (Male) |
| 23:05 | Crear | Scorpion |
| 23:10 | Crear | Battering Ram |
| 23:23 | Investigar | Bloodlines |
| 23:28 | Construir | Monastery |
| 23:51 | Crear | Villager (Male) |
| 23:52 | Crear | Villager (Male) |
| 24:01 | Crear | Monk |
| 24:33 | Construir | Farm |
| 24:37 | Crear | Villager (Male) |
| 24:37 | Crear | Villager (Male) |
| 24:37 | Crear | Villager (Male) |
| 24:38 | Crear | Villager (Male) |
| 24:43 | Crear | Monk |
| 24:56 | Construir | Castle |
| 25:35 | Construir | Farm |
| 25:35 | Construir | Farm |
| 25:36 | Construir | Farm |
| 25:36 | Construir | Farm |
| 25:36 | Construir | Farm |
| 25:45 | Crear | Villager (Male) |
| 25:47 | Crear | Villager (Male) |
| 25:47 | Crear | Villager (Male) |
| 26:24 | Crear | Camel Scout |
| 26:24 | Crear | Camel Scout |
| 27:51 | Investigar | Imperial Age |
| 27:54 | Crear | Villager (Male) |
| 27:55 | Crear | Villager (Male) |
| 27:58 | Crear | Villager (Male) |
| 27:58 | Crear | Villager (Male) |
| 28:19 | Crear | Monk |
| 28:57 | Crear | Camel Archer |
| 29:03 | Crear | Knight |
| 29:03 | Crear | Knight |
| 29:04 | Crear | Knight |
| 29:04 | Crear | Knight |
Build order — fabjanzi
Primeras 150 de 176 acciones detectadas
| 0:04 | Crear | Villager (Male) ×5 |
| 0:04 | Crear | Villager (Male) ×5 |
| 0:04 | Crear | Villager (Male) ×5 |
| 0:09 | Construir | House |
| 0:14 | Construir | House |
| 1:41 | Crear | Villager (Male) |
| 1:42 | Crear | Villager (Male) |
| 1:42 | Crear | Villager (Male) |
| 2:18 | Construir | House |
| 2:27 | Crear | Villager (Male) |
| 2:27 | Crear | Villager (Male) |
| 2:27 | Crear | Villager (Male) |
| 2:28 | Crear | Villager (Male) |
| 2:53 | Crear | Villager (Male) |
| 3:01 | Construir | House |
| 3:19 | Crear | Villager (Male) |
| 3:19 | Crear | Villager (Male) |
| 3:20 | Crear | Villager (Male) |
| 3:31 | Construir | House |
| 3:40 | Crear | Villager (Male) |
| 3:40 | Crear | Villager (Male) |
| 3:41 | Crear | Villager (Male) |
| 3:55 | Crear | Villager (Male) |
| 4:07 | Construir | Mill |
| 4:15 | Crear | Villager (Male) |
| 4:15 | Crear | Villager (Male) |
| 4:23 | Construir | House |
| 5:07 | Construir | Lumber Camp |
| 5:14 | Crear | Villager (Male) |
| 5:14 | Crear | Villager (Male) |
| 5:14 | Crear | Villager (Male) |
| 5:58 | Crear | Villager (Male) |
| 5:58 | Crear | Villager (Male) |
| 5:58 | Crear | Villager (Male) |
| 5:58 | Crear | Villager (Male) |
| 6:11 | Investigar | Loom |
| 6:54 | Construir | House |
| 6:59 | Crear | Villager (Male) |
| 6:59 | Crear | Villager (Male) |
| 7:09 | Construir | Lumber Camp |
| 7:17 | Construir | Mining Camp |
| 7:38 | Construir | Mill |
| 7:48 | Crear | Villager (Male) |
| 7:49 | Crear | Villager (Male) |
| 7:49 | Crear | Villager (Male) |
| 7:50 | Crear | Villager (Male) |
| 7:51 | Crear | Villager (Male) |
| 8:38 | Crear | Villager (Male) |
| 8:38 | Crear | Villager (Male) |
| 8:51 | Crear | Villager (Male) |
| 9:45 | Construir | Mining Camp |
| 10:24 | Construir | Farm |
| 10:25 | Construir | Farm |
| 10:25 | Construir | Farm |
| 10:26 | Construir | Farm |
| 10:26 | Construir | Farm |
| 10:27 | Construir | Farm |
| 10:28 | Construir | Farm |
| 10:29 | Construir | Farm |
| 10:29 | Construir | Farm |
| 10:55 | Investigar | Feudal Age |
| 11:04 | Construir | Farm |
| 11:06 | Construir | Farm |
| 11:19 | Crear | Villager (Male) |
| 11:20 | Crear | Villager (Male) |
| 11:25 | Construir | Farm |
| 12:42 | Construir | Farm |
| 13:06 | Edad | Edad Feudal |
| 13:11 | Construir | Blacksmith |
| 13:52 | Construir | Market |
| 13:56 | Crear | Villager (Male) |
| 14:38 | Investigar | Castle Age |
| 14:57 | Construir | Farm |
| 16:58 | Construir | Barracks |
| 17:03 | Edad | Edad de los Castillos |
| 17:06 | Crear | Villager (Male) |
| 17:07 | Crear | Villager (Male) |
| 17:25 | Investigar | Man-at-Arms (upgrade) |
| 17:31 | Construir | Barracks |
| 17:56 | Investigar | Forging |
| 18:03 | Construir | Barracks |
| 18:07 | Investigar | Long Swordsman (upgrade) |
| 18:08 | Crear | Militia ×5 |
| 18:28 | Construir | Castle |
| 19:41 | Crear | Villager (Male) |
| 19:42 | Crear | Villager (Male) |
| 19:50 | Construir | Farm |
| 19:51 | Construir | Farm |
| 19:51 | Construir | Farm |
| 19:51 | Construir | Farm |
| 19:51 | Construir | Farm |
| 20:06 | Crear | War Elephant |
| 20:06 | Crear | War Elephant |
| 20:39 | Crear | War Elephant |
| 20:39 | Crear | War Elephant |
| 20:53 | Construir | Mill |
| 21:25 | Construir | Farm |
| 21:27 | Crear | Villager (Male) |
| 21:28 | Crear | Villager (Male) |
| 21:28 | Crear | Villager (Male) |
| 21:36 | Crear | Villager (Male) |
| 22:05 | Crear | War Elephant |
| 22:06 | Crear | War Elephant |
| 22:56 | Investigar | Horse Collar |
| 22:59 | Crear | War Elephant |
| 23:00 | Crear | War Elephant |
| 23:06 | Crear | Militia |
| 23:07 | Crear | Militia |
| 23:14 | Construir | Farm |
| 23:29 | Construir | Lumber Camp |
| 23:33 | Crear | Villager (Male) |
| 23:34 | Crear | Villager (Male) |
| 24:13 | Crear | Villager (Male) |
| 24:13 | Crear | Villager (Male) |
| 24:24 | Investigar | Double-Bit Axe |
| 24:27 | Investigar | Heavy Plow |
| 24:34 | Crear | Villager (Male) |
| 24:34 | Crear | Villager (Male) |
| 25:15 | Crear | Villager (Male) |
| 25:15 | Crear | Villager (Male) |
| 25:27 | Construir | Mining Camp |
| 25:52 | Construir | Farm |
| 25:52 | Construir | Farm |
| 25:53 | Construir | Farm |
| 25:53 | Construir | Farm |
| 25:53 | Construir | Farm |
| 25:53 | Construir | Farm |
| 25:54 | Construir | Farm |
| 25:54 | Construir | Farm |
| 25:54 | Construir | Farm |
| 25:55 | Construir | Farm |
| 25:55 | Construir | Farm |
| 25:56 | Construir | Farm |
| 25:56 | Construir | Farm |
| 26:04 | Crear | Villager (Male) |
| 26:05 | Crear | Villager (Male) |
| 26:41 | Crear | Militia |
| 26:44 | Crear | Militia |
| 26:44 | Crear | Militia |
| 27:31 | Investigar | Pikeman (upgrade) |
| 27:34 | Crear | Spearman ×5 |
| 27:46 | Construir | Town Center |
| 28:42 | Crear | Spearman ×5 |
| 28:48 | Construir | House |
| 28:48 | Construir | House |
| 28:48 | Construir | House |
| 28:48 | Construir | House |
| 28:49 | Construir | House |
| 28:49 | Construir | House |
| 28:53 | Investigar | Gold Mining |
Cronología de la partida
| 10:50 | whats up · first_building Barracks |
| 11:24 | whats up · age_up feudal |
| 11:25 | Flox · age_up feudal |
| 11:49 | whats up · first_building Stable |
| 11:53 | ich mag Bier · age_up feudal |
| 11:54 | cArLoS · age_up feudal |
| 12:48 | oZymandias · age_up feudal |
| 13:05 | whats up · wall_segment Stone Wall x12 |
| 13:06 | fabjanzi · age_up feudal |
| 13:11 | Tsubodai · age_up feudal |
| 13:44 | Flox · first_market_sell 100 wood |
| 13:47 | whats up · wall_segment Stone Wall x7 |
| 13:48 | Flox · first_market_buy 100 food |
| 13:59 | whats up · wall_segment Stone Wall x18 |
| 14:11 | oZymandias · first_building Barracks |
| 14:17 | whats up · wall_segment Stone Wall x1 |
| 14:28 | ich mag Bier · first_building Barracks |
| 15:52 | cArLoS · first_market_sell 100 wood |
| 15:54 | cArLoS · first_market_buy 100 food |
| 16:22 | oZymandias · age_up castle |
| 16:33 | ich mag Bier · age_up castle |
| 16:45 | Tsubodai · first_building Barracks |
| 16:58 | fabjanzi · first_building Barracks |
| 17:03 | fabjanzi · age_up castle |
| 17:10 | whats up · first_building Archery Range |
| 17:18 | oZymandias · first_building Monastery |
| 17:29 | Flox · age_up castle |
| 17:57 | cArLoS · first_building Barracks |
| 18:28 | fabjanzi · first_building Castle |
| 18:43 | cArLoS · age_up castle |
| 19:11 | Tsubodai · first_building Stable |
| 19:23 | cArLoS · first_building Stable |
| 19:24 | Tsubodai · age_up castle |
| 19:31 | ich mag Bier · first_building Siege Workshop |
| 20:18 | cArLoS · first_building Castle |
| 20:22 | Tsubodai · first_building Siege Workshop |
| 20:22 | whats up · wall_segment Stone Wall x9 |
| 20:34 | whats up · wall_segment Stone Wall x15 |
| 21:08 | oZymandias · first_market_buy 100 food |
| 21:21 | Tsubodai · first_market_sell 100 stone |
| 21:32 | whats up · age_up castle |
| 22:03 | Flox · first_building Castle |
| 23:00 | ich mag Bier · first_building Castle |
| 23:16 | Flox · first_building Barracks |
| 23:28 | Tsubodai · first_building Monastery |
| 23:49 | whats up · wall_segment Stone Wall x6 |
| 24:06 | Flox · first_building Stable |
| 24:18 | Flox · first_building Archery Range |
| 24:37 | b3staRun4cover1 · first_building Siege Workshop |
| 24:56 | Tsubodai · first_building Castle |
| 25:29 | b3staRun4cover1 · wall_segment Stone Wall x6 |
| 27:37 | whats up · wall_segment Stone Wall x3 |
| 28:31 | oZymandias · first_building Castle |
| 28:35 | b3staRun4cover1 · first_building Barracks |
| 30:42 | whats up · first_building Monastery |
| 30:48 | b3staRun4cover1 · first_building Castle |
| 31:02 | Flox · resign |
| 31:03 | Tsubodai · age_up imperial |
[ ANÁLISIS IA · 1 CRÉDITO ]
¿Qué pasó realmente en esta partida?
Wolo.gg analiza cada decisión: build order, eco, micro, errores típicos por bracket. Análisis personalizado por WhatsApp o Discord en 30 segundos.
Guía civ
Turcos
Guía mapa
Arena
Perfil
ich mag Bier